 Dungeon Crawl Stone Soup version 0.30-a0-389-g8d7d949f56 (webtiles) character file.

Game seed: 15171091711681935595

77 bande the Covered (level 4, -2/29 HPs)
             Began as a Gargoyle Fighter on Dec 3, 2022.
             Constricted to death by Robin (3 damage)
             ... on level 2 of the Dungeon.
             The game lasted 00:02:24 (1175 turns).

bande the Covered (Gargoyle Fighter)                Turns: 1175, Time: 00:02:25

Health: -2/29      AC: 12    Str: 19    XL:     4   Next: 34%
Magic:  4/4        EV:  6    Int:  9    God:
Gold:   87         SH:  4    Dex: 11    Spells: 3/3 levels left

rFire   . . .      SeeInvis .    a - +0 war axe
rCold   + . .      Faith    .    c - +0 buckler
rNeg    + . .      Spirit   .    e - +1 scale mail {rC+}
rPois   ∞          Reflect  .    (no helmet)
rElec   +          Harm     .    (no cloak)
rCorr   .          Rampage  .    (no gloves)
Will    .....                    i - +0 pair of boots
Stlth   ..........               (no amulet)
HPRegen 0.24/turn                (no ring)
MPRegen 0.09/turn                (no ring)

@: grasped by roots, constricted
A: sickness immunity, AC +3, negative energy resistance 1, electricity
resistance, torment resistance 1, petrification resistance
a: no special abilities


You were on level 2 of the Dungeon.
You visited 1 branch of the dungeon, and saw 2 of its levels.

You collected 87 gold pieces.

Inventory:

Hand Weapons
 a - a +0 war axe (weapon)
Missiles
 h - a throwing net (quivered)
Armour
 c - a +0 buckler (worn)
 e - a +1 scale mail of cold resistance (worn)
 i - a +0 pair of boots (worn)
Jewellery
 f - an amulet of regeneration
Scrolls
 b - a scroll of identify
 g - a scroll of poison
Potions
 d - a potion of might
 k - a potion of mutation
 l - a potion of brilliance


   Skills:
 + Level 3.7 Fighting
 + Level 2.9 Axes
 + Level 3.9 Armour
 + Level 3.8 Shields


You had 3 spell levels left.
You didn't know any spells.
Your spell library was empty.

Dungeon Overview and Level Annotations

Branches:
Dungeon (2/15)

Altars:

Annotations:
D:2 Robin


Innate Abilities, Weirdness & Mutations

You are immune to sickness and miasma.
Your stone body is resilient. (AC +3)
You are immune to poison.
You resist negative energy. (rN+)
You are resistant to electric shocks. (rElec)
You are resistant to unholy torment.
You are immune to petrification.


Message History

You slash the goblin!
You kill the goblin!
You closely miss the goblin. x2; Robin throws the goblin at you!
The goblin hits you but does no damage. You block the goblin's attack.
The goblin hits you but does no damage. x2; The goblin misses you.
The hobgoblin hits you.
You closely miss the goblin. You hit the hobgoblin. You hit the goblin.
You kill the goblin!
You slash the goblin!
You kill the goblin!
You block the goblin's attack.
Robin says, "Bow before me, strongest of all the hobgoblins!"
Robin throws the goblin at you! The goblin hits you but does no damage.
Unknown command.
You closely miss the goblin. You hit the goblin.
You kill the goblin!
You barely miss the hobgoblin. The goblin barely misses you.
Robin hits you from afar with a +0 spear.
The hobgoblin barely misses you.
Unknown command.
You closely miss the goblin. You closely miss the hobgoblin.
Robin zaps a wand.
The roots erupt in riotous growth!
The hobgoblin is unaffected.
The grasping roots grab you!
The goblin is unaffected.
Robin is unaffected.
The grasping roots constrict you. The goblin hits you with a +0 dagger.
Robin hits you but does no damage. The grasping roots constrict you.
* * * LOW HITPOINT WARNING * * *
The goblin hits you but does no damage. The hobgoblin hits you.
* * * LOW HITPOINT WARNING * * *
You slash the goblin!
You kill the goblin!
You hit the hobgoblin.
Robin says, "My army is invincible!"
Robin barely misses you. The grasping roots constrict you.
You slash the hobgoblin!
You kill the hobgoblin!
The bat hits you.
* * * LOW HITPOINT WARNING * * *
Robin barely misses you. The grasping roots constrict you.
You die...

.#.# #.## .#.## #.###
.... .#..# #...# ....
....# ##.#.##. .....
##..# #..#.##. ...
...## #.##.##. ... ##.#
#.##.##. ###g# #.#
#.##.##.##))b#
#.####.##..#..#@#.#
##.##...###.##.))#.
......### #.##.##..#
##.#### #.##..#.## #.#
#.....#.##### #.#
######..##.#.....#
##.###.........†..##..#
.......##.##.###)....#
##.###....##.##...####


You could see Robin and a bat.

Vanquished Creatures
  A gnoll (D:1)
  An adder (D:2)
  A dart slug (D:2)
  5 bats
  5 endoplasms
  2 giant cockroaches (D:2)
  13 goblins
  4 hobgoblins
  7 jackals
  2 kobolds
  2 ball pythons
  5 frilled lizards
  5 rats
53 creatures vanquished.

Vanquished Creatures (others)
  25 plants (D:1)
25 creatures vanquished.

Grand Total: 78 creatures vanquished

Notes
Turn   | Place    | Note
-------+----------+-------------------------------------------
     0 | D:1      | bande the Gargoyle Fighter began the quest for the Orb.
     0 | D:1      | Reached XP level 1. HP: 14/14 MP: 1/1
    66 | D:1      | Reached XP level 2. HP: 19/19 MP: 2/2
   361 | D:1      | Reached XP level 3. HP: 11/23 MP: 3/3
  1065 | D:2      | Reached XP level 4. HP: 29/29 MP: 4/4
  1082 | D:2      | Identified the +9 quarterstaff of Integrity {holy, Int+6}
  1162 | D:2      | Noticed Robin
  1175 | D:2      | HP: 1/29 [bat (1)]
  1175 | D:2      | Constricted to death by Robin

Illustrated notes

Levels and vault maps discovered:
D:1:      eino_arrival_tree_alley, layout_loops_ring
D:2:      layout_rooms, minmay_bisected, uniq_robin, uniq_crazy_yiuf_cottage

Skill      XL: |  1  2 |
---------------+-------+-----
Axes           | 2 |  2.9
Fighting       | |  3.7
Armour         | |  3.9
Shields        | |  3.8

Action                   |  1- 3 |  4- 6 || total
-------------------------+-------+-------++-------
Melee: War axe           |    86 |    23 ||   109
  Use: Scroll            |     6 |     1 ||     7
Armor: Scale mail        |    47 |    23 ||    70
Dodge: Dodged            |    54 |    15 ||    69
Block: Buckler           |    18 |     8 ||    26

Table legend: (Time is in decaauts)
 A = Elapsed time spent in this place.
 B = Non-inter-level travel time spent in this place.
 C = Inter-level travel time spent in this place.
 D = Time resting spent in this place.
 E = Time spent auto-exploring this place.
 F = Levels seen in this place.
 G = Mean time per level.
                   A        B        C        D        E       F      G
               +--------+--------+--------+--------+--------+-----+--------+
         Total |   1221 |   1200 |     21 |    138 |    732 |   2 |  610.5 |
       Dungeon |   1221 |   1200 |     21 |    138 |    732 |   2 |  610.5 |
               +--------+--------+--------+--------+--------+-----+--------+

Top non-repeatable levels by time:
     D:1: 873 daAuts
     D:2: 348 daAuts
